 Dungeon Crawl Stone Soup version 0.28-a0-79-g444c7a33f5 (webtiles) character file.

Game seed: 14618044443979474375

22178 pokeman the Eclecticist (level 12, 0/68 HPs)
             Began as a Deep Elf Hedge Wizard on Aug 3, 2021.
             Was a High Priest of Vehumet.
             Killed from afar by Jorgrun (50 damage)
             ... with an iron shot
             ... on level 13 of the Dungeon.
             The game lasted 00:49:57 (16871 turns).

pokeman the Eclecticist (Deep Elf Hedge Wizard)    Turns: 16871, Time: 00:49:57

Health: 0/68       AC: 12    Str:  7    XL:     12   Next: 60%
Magic:  26/38      EV: 17    Int: 31    God:    Vehumet [*****.]
Gold:   652        SH:  0    Dex: 14    Spells: 28/51 levels left

rFire   . . .      SeeInvis .   T - +2 whip (drain)
rCold   . . .      Faith    .   (no shield)
rNeg    . . .      Spirit   .   S - +0 steam dragon scales
rPois   +          Reflect  .   j - +0 helmet
rElec   .          Harm     .   p - +2 cloak {rPois}
rCorr   .          Rampage  .   H - +1 pair of gloves
Will    +....                   (no boots)
Stlth   ++........              G - amulet of regeneration
HPRegen 1.21/turn               U - +4 ring of evasion
MPRegen 0.26/turn               b - +6 ring of intelligence

@: no status effects
A: no striking features
a: Renounce Religion


You were on level 13 of the Dungeon.
You worshipped Vehumet.
Vehumet was extremely pleased with you.
You visited 2 branches of the dungeon, and saw 14 of its levels.

You collected 800 gold pieces.
You spent 148 gold pieces at shops.

Inventory:

Hand Weapons
 Q - a +2 shortbow of flaming
 T - a +2 whip of draining (weapon)
Missiles
 e - 179 arrows
 I - 85 bolts
Armour
 j - a +0 helmet (worn)
 o - a +2 leather armour of fire resistance
 p - a +2 cloak of poison resistance (worn)
 D - a +0 kite shield
 H - a +1 pair of gloves (worn)
 S - +0 steam dragon scales (worn)
Magical Staves
 Z - a staff of cold
Jewellery
 b - a +6 ring of intelligence (right hand)
 d - a +6 ring of strength
 s - a +6 ring of strength
 G - an amulet of regeneration (around neck)
 U - a +4 ring of evasion (left hand)
Wands
 c - a wand of acid (3)
Scrolls
 k - 5 scrolls of blinking
 l - 2 scrolls of magic mapping
 m - 3 scrolls of enchant weapon
 t - 2 scrolls of vulnerability {unknown}
 u - 2 scrolls of acquirement {unknown}
 y - 2 scrolls of immolation {unknown}
 A - 6 scrolls of teleportation
 K - 2 scrolls of enchant armour {unknown}
 M - 3 scrolls of holy word {unknown}
 P - 2 scrolls of fear
Potions
 q - 2 potions of curing
 v - 6 potions of heal wounds
 B - 2 potions of haste
 E - 2 potions of might {unknown}
 O - 3 potions of magic
 V - 2 potions of invisibility {unknown}
 X - a potion of attraction {unknown}
 Y - a potion of cancellation {unknown}
Miscellaneous
 a - a tin of tremorstones (2/2)
 f - a phial of floods


   Skills:
 - Level 5.0 Fighting
 - Level 5.0 Armour
 - Level 3.0 Dodging
 - Level 3.0 Stealth
 + Level 2.6 Shields
 * Level 20.0 Spellcasting
 + Level 10.5 Conjurations
 - Level 1.1 Summonings
 - Level 1.1 Translocations
 + Level 8.7 Fire Magic
 - Level 1.0 Air Magic
 - Level 5.0 Earth Magic
 - Level 1.0 Poison Magic
 - Level 1.0 Evocations


You had 28 spell levels left.
You knew the following spells:

 Your Spells              Type           Power      Damage    Failure   Level
a - Magic Dart            Conj           100%       1d8       0%          1
b - Mephitic Cloud        Conj/Pois/Air  54%        N/A       1%          3
c - Call Imp              Summ           37%        N/A       1%          2
d - Blink                 Tloc           N/A        N/A       1%          2
e - Conjure Flame         Conj/Fire      74%        6-21      1%          3
f - Foxfire               Conj/Fire      100%       2x1d9     0%          1
g - Bolt of Magma         Conj/Fire/Erth 34%        4d15      1%          5
h - Shadow Creatures      Summ           N/A        N/A       75%         6

Your spell library contained the following spells:

 Spells                   Type           Power      Damage    Failure   Level
 Olgreb's Toxic Radiance  Pois           37%        N/A       2%          4
 Animate Skeleton         Necr           62%        N/A       1%          1
 Apportation              Tloc           74%        N/A       1%          1
 Corona                   Hex            34%        N/A       1%          1
 Summon Small Mammal      Summ           100%       N/A       1%          1
 Ensorcelled Hibernation  Hex/Ice        62%        N/A       1%          2
 Slow                     Hex            31%        N/A       1%          2
 Spider Form              Tmut/Pois      17%        N/A       2%          3
 Confusing Touch          Hex            31%        N/A       3%          3
 Leda's Liquefaction      Hex/Erth       23%        N/A       4%          4
 Yara's Violent Unravell  Hex/Tmut       15%        3d8       9%          5
 Manifold Assault         Tloc           37%        N/A       21%         5
 Statue Form              Tmut/Erth      30%        N/A       54%         6
 Storm Form               Tmut/Air       17%        N/A       100%        7


Dungeon Overview and Level Annotations

Branches:
Dungeon (13/15)            Temple (1/1) D:7            Lair (0/6) D:8
    Orc (0/2) D:12         Vaults (0/5) D:13

Altars:
Gozag
Kikubaaqudgha
Makhleb
Nemelex Xobeh
Qazlal
Uskayaw
Vehumet
Wu Jian
The Shining One
Beogh

Shops:
D:2 :   D:5 [   D:10 *

Annotations:
D:11 1 runed translucent door, mdk's ghost, journeyman DECj
D:13 Jorgrun


Message History

Aiming: Mephitic Cloud (safe; 1% risk of failure)
Press: ? - help, Shift-Dir - straight line The ball explodes into a vile cloud!
The stinking cloud engulfs Jorgrun but does no damage.
You hear a shout!
Jorgrun points at the translucent rock wall and mumbles some strange words.
Some rock shatters into small pieces.
Unknown command.
Casting: Mephitic Cloud (safe; 1% risk of failure)
Confirm with . or Enter, or press ? or * to list all spells.
Aiming: Mephitic Cloud (safe; 1% risk of failure)
Press: ? - help, Shift-Dir - straight line, f - Jorgrun
Aim: Jorgrun, wielding a staff of earth and wearing a +2 robe of fire resistance (noxious fumes, chance to affect: 29%)
Okay, then.
Unknown command.
Casting: Mephitic Cloud (safe; 1% risk of failure)
Confirm with . or Enter, or press ? or * to list all spells.
Aiming: Bolt of Magma (dangerous; 1% risk of failure)
Press: ? - help, Shift-Dir - straight line, f - Jorgrun
Aim: Jorgrun, wielding a staff of earth and wearing a +2 robe of fire resistance (noxious fumes, 53% to hit)
The bolt of magma misses Jorgrun.
Jorgrun is engulfed in noxious fumes.
Jorgrun casts a spell at you.
Roots burst forth from the earth!
The grasping roots grab you! The grasping roots constrict you!
Unknown command.
Casting: Bolt of Magma (dangerous; 1% risk of failure)
Confirm with . or Enter, or press ? or * to list all spells.
Aiming: Bolt of Magma (dangerous; 1% risk of failure)
Press: ? - help, Shift-Dir - straight line, f/p - Jorgrun
Aim: Jorgrun, wielding a staff of earth and wearing a +2 robe of fire resistance (noxious fumes, 53% to hit)
The bolt of magma hits Jorgrun!!
Jorgrun partially resists.
Jorgrun is moderately wounded.
Jorgrun is engulfed in noxious fumes.
The grasping roots constrict you!
Unknown command.
You escape the roots' grasp.
Jorgrun gestures at you while chanting. The iron shot hits you!!!
Ouch! That really hurt!
You die...

...... ....#
......##
......$..#
.....$....##
..............##
....?.......)..##
#.....#.#......##
#...#.#...g...@##
#.......○.......#
##..g#..○.°.....##
##.....###......##
............[..##
...............#
.......?.....##.
............## #
...?.......##


You could see Jorgrun.

Vanquished Creatures
  Rupert (D:12)
  Nessos (D:13)
  Josephine (D:12)
  A hydra (D:12)
  Erolcha (D:12)
  A boulder beetle (D:12)
  A centaur warrior (D:10)
  3 two-headed ogres
  A tengu warrior (D:9)
  2 deep elf pyromancers (D:13)
  A cyclops (D:12)
  Maurice (D:13)
  2 gargoyles
  2 unseen horrors (D:11)
  A kobold demonologist (D:10)
  2 hornets (D:9)
  5 trolls
  3 slime creatures (D:13)
  A meliai zombie (D:11)
  A shadow (D:9)
  4 yaks (D:7)
  4 wraiths (D:12)
  2 wyverns
  3 vampire mosquitoes (D:12)
  Grum (D:9)
  A steam dragon (D:9)
  3 black bears
  An ice beast (D:6)
  4 sky beasts
  3 necrophages
  10 orc warriors
  6 wolves
  2 centaurs
  3 kobold brigands
  2 gnoll sergeants
  3 scorpions (D:5)
  A wyvern skeleton (D:6)
  5 bullfrogs
  2 water moccasin skeletons
  The ghost of DocClef the Covert, a weakling GnDe (D:5)
  9 killer bees
  4 wights (D:9)
  9 howler monkeys
  2 electric eels (D:8)
  3 bullfrog zombies
  6 centaur zombies
  8 hounds
  A centaur skeleton (D:7)
  2 jellies
  A gnoll shaman (D:10)
  9 orc priests
  7 orc wizards
  2 iguanas
  3 hound skeletons (D:4)
  Robin (D:2)
  15 gnolls
  4 adders
  3 shadow imps
  2 white imps
  An adder skeleton (D:4)
  A worm (D:2)
  51 orcs
  4 bats
  6 endoplasms
  2 giant cockroaches
  17 goblins
  6 hobgoblins
  9 jackals
  3 quokkas
  7 ball pythons
  4 frilled lizards
  13 kobolds
  11 rats
319 creatures vanquished.

Vanquished Creatures (collateral kills)
  Crazy Yiuf (D:3)
  A jackal (D:2)
2 creatures vanquished.

Vanquished Creatures (others)
  318 foxfires
  3 fungi (D:3)
321 creatures vanquished.

Grand Total: 642 creatures vanquished

Notes
Turn   | Place    | Note
-------+----------+-------------------------------------------
     0 | D:1      | pokeman the Deep Elf Hedge Wizard began the quest for the
                  | Orb.
     0 | D:1      | Reached XP level 1. HP: 10/10 MP: 7/7
   197 | D:1      | Reached XP level 2. HP: 16/16 MP: 6/9
  1047 | D:2      | Found a faded altar of an unknown god.
  1122 | D:2      | Reached skill level 5 in Spellcasting
  1160 | D:1      | Reached XP level 3. HP: 6/20 MP: 3/11
  1164 | D:1      | Learned a level 3 spell: Mephitic Cloud
  1167 | D:1      | Learned a level 2 spell: Call Imp
  1170 | D:1      | Learned a level 2 spell: Blink
  1174 | D:1      | Learned a level 3 spell: Conjure Flame
  1744 | D:2      | Found Fexziah's Book Shop.
  2013 | D:2      | Reached skill level 1 in Fighting
  2459 | D:2      | Reached skill level 1 in Armour
  2459 | D:2      | Noticed Robin
  2637 | D:2      | Reached XP level 4. HP: 10/25 MP: 0/13
  2642 | D:2      | HP: 1/25 [goblin[Robin] (5)]
  2696 | D:2      | Killed Robin
  3352 | D:3      | Found a radiant altar of Vehumet.
  3581 | D:3      | Reached skill level 6 in Spellcasting
  3590 | D:2      | HP: 1/25 [jackal (2)]
  3982 | D:3      | Became a worshipper of Vehumet
  4125 | D:3      | Found a glowing golden altar of the Shining One.
  4355 | D:3      | Reached XP level 5. HP: 26/29 MP: 12/15
  4592 | D:3      | Found a runed translucent door.
  4593 | D:3      | Noticed Crazy Yiuf
  4682 | D:3      | Killed Crazy Yiuf
  4683 | D:3      | Reached skill level 1 in Fire Magic
  4969 | D:4      | Reached skill level 1 in Air Magic
  5180 | D:4      | Reached XP level 6. HP: 33/34 MP: 17/17
  5206 | D:4      | Learned a level 5 spell: Bolt of Magma
  5254 | D:4      | Reached skill level 7 in Spellcasting
  5254 | D:4      | Reached skill level 1 in Poison Magic
  5254 | D:4      | Reached skill level 1 in Evocations
  6157 | D:4      | Found a sparkling altar of Nemelex Xobeh.
  6189 | D:4      | Found an ancient bone altar of Kikubaaqudgha.
  6349 | D:4      | Found a burning altar of Makhleb.
  6455 | D:5      | Entered Level 5 of the Dungeon
  6455 | D:5      | Found Qyotur's Armour Shop.
  6463 | D:5      | Reached skill level 1 in Earth Magic
  6512 | D:5      | Reached XP level 7. HP: 37/38 MP: 12/20
  6659 | D:5      | Reached skill level 8 in Spellcasting
  7190 | D:5      | Found a transporter.
  7193 | D:5      | Found a transporter.
  7468 | D:5      | Reached * piety under Vehumet
  7468 | D:5      | Offered knowledge of Foxfire by Vehumet.
  7471 | D:5      | Reached XP level 8. HP: 44/44 MP: 12/22
  7473 | D:5      | Learned a level 1 spell: Foxfire
  7488 | D:5      | Reached skill level 9 in Spellcasting
  7740 | D:5      | Noticed DocClef's ghost (weakling GnDe)
  7786 | D:5      | Killed DocClef's ghost
  7794 | D:5      | Reached skill level 5 in Conjurations
  8161 | D:6      | Reached skill level 10 in Spellcasting
  8845 | D:6      | Found a hide-covered altar of Uskayaw.
  8868 | D:6      | Found a hide-covered altar of Uskayaw.
  8877 | D:6      | Reached skill level 11 in Spellcasting
  8885 | D:6      | Reached XP level 9. HP: 42/48 MP: 19/26
  9318 | D:7      | Reached skill level 12 in Spellcasting
  9383 | D:7      | Offered knowledge of Static Discharge by Vehumet.
  9385 | D:7      | Reached skill level 13 in Spellcasting
  9390 | D:7      | Reached ** piety under Vehumet
  9734 | D:7      | Found a staircase to the Ecumenical Temple.
  9779 | D:7      | Reached skill level 5 in Earth Magic
 10197 | D:8      | Reached skill level 14 in Spellcasting
 10201 | D:8      | Noticed a troll
 10220 | D:8      | Reached XP level 10. HP: 46/54 MP: 9/30
 10220 | D:8      | Offered knowledge of Stone Arrow by Vehumet.
 10512 | D:8      | Found a staircase to the Lair.
 10625 | D:8      | Reached *** piety under Vehumet
 10889 | D:8      | Identified the +1 plate armour "Meicouph" {Str+3}
 11125 | D:9      | Found a stormy altar of Qazlal.
 11176 | D:9      | Found a runed translucent door.
 11195 | D:9      | Reached skill level 15 in Spellcasting
 11334 | D:9      | Noticed a tengu warrior
 11365 | D:9      | Offered knowledge of Dazzling Flash by Vehumet.
 11392 | D:9      | Found an ornate altar of the Wu Jian Council.
 11444 | D:9      | Noticed Grum
 11471 | D:9      | Killed Grum
 11721 | D:9      | Reached **** piety under Vehumet
 11724 | D:9      | Reached skill level 16 in Spellcasting
 11834 | D:9      | Offered knowledge of Hailstorm by Vehumet.
 11960 | D:9      | Reached skill level 5 in Fire Magic
 11966 | D:9      | Killed a tengu warrior
 12100 | D:10     | Entered Level 10 of the Dungeon
 12168 | D:10     | You fall into a shaft and drop 2 floors!
 12168 | D:12     | Noticed Erolcha
 12168 | D:12     | Noticed a two-headed ogre
 12191 | D:12     | Found a staircase to the Orcish Mines.
 12220 | D:12     | Noticed a gargoyle
 12250 | D:12     | Killed a gargoyle
 12251 | D:12     | Reached skill level 17 in Spellcasting
 12251 | D:12     | Reached XP level 11. HP: 49/61 MP: 28/34
 12256 | D:12     | Killed a two-headed ogre
 12465 | D:12     | Found a sparkling altar of Nemelex Xobeh.
 12471 | D:12     | Noticed a two-headed ogre
 12951 | D:12     | Killed Erolcha
 12952 | D:12     | Reached skill level 18 in Spellcasting
 13118 | D:12     | Noticed an eight-headed hydra
 13124 | D:12     | Killed an eight-headed hydra
 13125 | D:12     | Reached skill level 5 in Fighting
 13350 | D:12     | Noticed Josephine
 13369 | D:12     | Killed Josephine
 13707 | D:12     | Noticed a boulder beetle
 13716 | D:12     | Killed a boulder beetle
 13878 | D:11     | Noticed a two-headed ogre
 13882 | D:11     | Killed a two-headed ogre
 13883 | D:11     | Reached skill level 19 in Spellcasting
 14174 | D:11     | Learned a level 6 spell: Shadow Creatures
 14663 | Temple   | Entered the Ecumenical Temple
 14816 | D:10     | Found Esir's General Store.
 14822 | D:10     | Bought a potion of magic for 88 gold pieces
 14822 | D:10     | Bought a scroll of identify for 22 gold pieces
 14822 | D:10     | Bought a scroll of fear for 38 gold pieces
 14886 | D:10     | Reached XP level 12. HP: 68/68 MP: 31/37
 14956 | D:10     | Found an opulent altar of Gozag.
 15188 | D:10     | Noticed a centaur warrior
 15191 | D:10     | Killed a centaur warrior
 15192 | D:10     | Reached skill level 5 in Armour
 15346 | D:11     | Noticed a two-headed ogre
 15348 | D:11     | Killed a two-headed ogre
 15406 | D:11     | Found a runed translucent door.
 15409 | D:11     | Noticed mdk's ghost (journeyman DECj)
 16092 | D:13     | Found a gate to the Vaults.
 16092 | D:13     | Noticed Maurice
 16093 | D:13     | Noticed Nessos
 16093 | D:13     | Noticed a boulder beetle
 16097 | D:13     | Killed Nessos
 16097 | D:13     | Noticed Rupert
 16098 | D:13     | Reached skill level 1 in Shields
 16098 | D:13     | Reached skill level 10 in Conjurations
 16116 | D:13     | Paralysed by Rupert for 3 turns
 16295 | D:12     | Killed Rupert
 16455 | D:13     | Noticed a boulder beetle
 16677 | D:13     | Reached skill level 20 in Spellcasting
 16735 | D:13     | Killed Maurice
 16735 | D:13     | Reached ***** piety under Vehumet
 16735 | D:13     | Offered knowledge of Olgreb's Toxic Radiance by Vehumet.
 16737 | D:13     | Noticed Jorgrun
 16871 | D:13     | Killed from afar by Jorgrun

Illustrated notes

Levels and vault maps discovered:
D:1:      heliophobic_arrival_battle_scene, layout_basic
D:2:      layout_basic, ebering_ecumenical_altar_sacrificial, serial_shops,
          nicolae_shop_crystal, guppyfry_early_orc_mine, uniq_robin
D:3:      layout_loops_ring, fiery_altar_vehumet, tso_metal_star,
          uniq_crazy_yiuf_cottage
D:4:      layout_basic, lightli_temple_of_fire, mainiacjoe_overflow_two_lobes,
          item_on_display_a
D:5:      layout_rooms, serial_shops, shop, gammafunk_ghost_hive
D:6:      layout_basic, mainiacjoe_overflow_alcove_1, minmay_ruined_shrine
D:7:      layout_basic, lemuel_temple_firewalk_a
D:8:      layout_cave_pods, erik_lair_island, lightli_orcish_oven
D:9:      layout_basic, nicolae_wu_jian_wuxing_cycle, lemuel_doored_altar,
          nrook_mini_vaults, minmay_st_funbox, dk_noncrumbling_3,
          minmay_orc_keep, uniq_grum
D:10:     layout_gridville, kennysheep_mini, serial_shops, shop
D:11:     layout_basic, hellmonk_ghost_happy_afterlife
D:12:     layout_layer_cave, david_orc_5, nemelex_xobeh_ov_fountains_minmay,
          uniq_josephine, uniq_erolcha
D:13:     layout_big_octagon, zin_statuary, uniq_rupert, uniq_nessos,
          uniq_jorgrun, uniq_maurice
Temple:   nicolae_temple_figure_eight

Skill      XL: |  1  2  3  4  5  6  7  8  9 10 11 12 |
---------------+-------------------------------------+-----
Spellcasting   | 5 6 7 8 11 14 17 19 20 | 20.0
Fighting       | 1 2 4 5 |  5.0
Armour         | 1 3 4 5 |  5.0
Conjurations   | 2 3 4 5 7 8 9 10 | 10.5
Dodging        | 3 |  3.0
Fire Magic     | 1 2 3 5 7 8 |  8.7
Stealth        | 3 |  3.0
Air Magic      | 1 |  1.0
Poison Magic   | 1 |  1.0
Evocations     | 1 |  1.0
Earth Magic    | 1 3 5 |  5.0
Shields        | 2 |  2.6
Summonings     | |  1.1
Translocations | |  1.1

Action                   |  1- 3 |  4- 6 |  7- 9 | 10-12 || total
-------------------------+-------+-------+-------+-------++-------
Melee: Dagger            |    16 |    19 |       |       ||    35
       Mace              |       |    37 |    74 |    14 ||   125
       War axe           |       |     4 |       |       ||     4
       Whip              |       |       |       |    26 ||    26
 Cast: Magic Dart        |   112 |   115 |   110 |       ||   337
       Mephitic Cloud    |     2 |     7 |    21 |    28 ||    58
       Call Imp          |     2 |     7 |       |     1 ||    10
       Blink             |     1 |     1 |     3 |     7 ||    12
       Conjure Flame     |       |     1 |    19 |    12 ||    32
       Foxfire           |       |       |    33 |   140 ||   173
       Bolt of Magma     |       |       |       |   110 ||   110
  Use: Scroll            |       |       |       |    14 ||    14
       Potion            |       |       |       |     1 ||     1
 Stab: Confused          |       |     3 |     8 |     1 ||    12
Armor: Robe              |     7 |    10 |       |       ||    17
       Leather armour    |       |    23 |    46 |     5 ||    74
       Steam dragon scal |       |       |       |    40 ||    40
       Troll leather arm |       |       |       |    14 ||    14
Dodge: Dodged            |    16 |    76 |    80 |   118 ||   290

Table legend: (Time is in decaauts)
 A = Elapsed time spent in this place.
 B = Non-inter-level travel time spent in this place.
 C = Inter-level travel time spent in this place.
 D = Time resting spent in this place.
 E = Time spent auto-exploring this place.
 F = Levels seen in this place.
 G = Mean time per level.
                   A        B        C        D        E       F      G
               +--------+--------+--------+--------+--------+-----+--------+
         Total |  16941 |  16068 |    873 |   1880 |  11709 |  14 | 1210.1 |
       Dungeon |  16905 |  16035 |    870 |   1880 |  11709 |  13 | 1300.4 |
        Temple |     36 |     33 |      3 |      0 |      0 |   1 |   36.0 |
               +--------+--------+--------+--------+--------+-----+--------+

Top non-repeatable levels by time:
     D:2: 2524 daAuts
    D:12: 2513 daAuts
     D:4: 1727 daAuts
     D:5: 1399 daAuts
     D:1: 1309 daAuts
     D:6: 1178 daAuts
     D:3: 1164 daAuts
     D:9: 1093 daAuts
     D:7: 1044 daAuts
    D:11: 921 daAuts
     D:8: 903 daAuts
    D:10: 901 daAuts
    D:13: 222 daAuts
  Temple: 36 daAuts
